[Event "FICS Team League T30"]
[Site "FICS, San Jose, California USA"]
[Date "2006.05.04"]
[Time "21:02:12"]
[Round "4"]
[White "OldFlyer"]
[Black "RFFISCHER"]
[WhiteElo "1511"]
[BlackElo "1591"]
[TimeControl "2700+45"]
[Mode "ICS"]
[Result "0-1"]

1. c4 g6 2. Nc3 Bg7 3. g3 e6 4. Bg2 Ne7 5. e4 c5 6. Nf3 a6 7. a4 Nbc6 8. O-O
O-O 9. Rb1 f5 10. d3 d6 11. Re1 Qb6 12. Bg5 h6 13. Bf4 e5 14. Bd2 f4 15. Nd5
Qd8 16. gxf4 exf4 17. Nxf4 Kh7 18. Qc2 Nd4 19. Nxd4 Bxd4 20. Rf1 Nc6 21. Nd5
Ne5 22. Bc3 Qh4 23. Be1 Nf3+ 24. Bxf3 Rxf3 25. Qd2 Be5 26. Nf6+ Qxf6 27. Kg2
Bh3+ 28. Kg1 Bf4 29. Qe2 Qg5+
{White resigns} 0-1

[Event "FICS Team League T30"]
[Site "FICS, San Jose, California USA"]
[Date "2006.05.06"]
[Time "08:59:47"]
[Round "4"]
[White "dianabutterfly"]
[Black "xplan"]
[WhiteElo "1471"]
[BlackElo "1580"]
[TimeControl "2700+45"]
[Mode "ICS"]
[Result "0-1"]

1. e4 e5 2. Nf3 Nc6 3. c3 Nf6 4. Bd3 Bc5 5. b4 Bb6 6. O-O d6 7. a4 a6 8. a5
Ba7 9. Qe2 Bg4 10. Bc4 O-O 11. d3 d5 12. exd5 Nxd5 13. b5 axb5 14. Bxb5
Re8 15. Ra4 Nf4 16. Bxf4 exf4 17. Qd1 Qf6 18. Nbd2 Qxc3 19. Rxf4 Bh5 20. Bc4
Ne5 21. Qb3 Qxb3 22. Bxb3 Nxd3 23. Rf5 Bg6 24. Rg5 Re2 25. Nc4 Nxf2 26. Rxf2
Rxf2 27. Ncd2
{White resigns} 0-1

[Event "FICS Team League T30"]
[Site "FICS, San Jose, California USA"]
[Date "2006.05.07"]
[Time "19:20:59"]
[Round "4"]
[White "ccucina"]
[Black "GadsHill"]
[WhiteElo "1680"]
[BlackElo "1659"]
[TimeControl "2700+45"]
[Mode "ICS"]
[Result "0-1"]

1. e4 d6 2. d4 Nf6 3. Nc3 Nbd7 4. Bc4 e5 5. dxe5 dxe5 6. Nf3 Be7 7. h3 O-O
8. Bg5 c6 9. a4 h6 10. Bh4 Nh5 11. Bxe7 Qxe7 12. Qd2 Nb6 13. Bb3 Nf4 14. Rg1
Rd8 15. Qe3 Qf6 16. Nd2 Be6 17. Ne2 Bxb3 18. Nxb3 Nc4 19. Qc1 Qg6 20. Ng3
Nd6 21. Qe3 Nc4 22. Qc3 Qe6 23. Nf5 Nd6 24. Nc5 Qf6 25. Nxd6 Rxd6 26. Nxb7
Rd4 27. Nc5 Rad8 28. Nd3 Rxe4+ 29. Kf1 Ne2 30. Re1 Nxc3 31. bxc3 Rxe1+ 32. Kxe1
e4
{White resigns} 0-1

[Event "FICS Team League T30"]
[Site "FICS, San Jose, California USA"]
[Date "2006.05.06"]
[Time "06:03:47"]
[Round "4"]
[White "Armunn"]
[Black "MFalme"]
[WhiteElo "1631"]
[BlackElo "1553"]
[TimeControl "2700+45"]
[Mode "ICS"]
[Result "0-1"]

1. c4 f5 2. Nc3 Nf6 3. g3 e6 4. Bg2 Bb4 5. Qc2 O-O 6. Nf3 Nc6 7. b3 Ng4
8. O-O Qf6 9. Bb2 Qh6 10. h3 Nf6 11. a3 Bd6 12. b4 Rb8 13. c5 Be7 14. Nb5
Bd8 15. Ne5 a6 16. Nxc6 dxc6 17. Nd4 Nd5 18. d3 Bf6 19. e4 fxe4 20. dxe4
Ne7 21. Rae1 e5 22. Nf5 Nxf5 23. exf5 Re8 24. Bc1 Qh5 25. g4 Qh4 26. Re4
Bg5 27. f4 Be7 28. fxe5 Bg5 29. Rfe1 b6 30. e6 Bb7 31. Bxg5 Qxg5 32. e7
h5 33. Qc4+ Kh7 34. Qf7 h4 35. Qh5+ Qxh5 36. gxh5 Bc8 37. Rxh4 Bxf5 38. Be4
Bxe4 39. Rhxe4 Kh6 40. Re5 Kh7 41. Rf1 Kg8 42. cxb6 cxb6 43. Kg2 Rb7 44. Rfe1
Kf7 45. Kg3 Rbxe7 46. Rxe7+ Rxe7 47. Rxe7+ Kxe7 48. Kf4 Kf6 49. h4 c5 50. bxc5
bxc5 51. Ke4 c4 52. Kd4 c3 53. Kxc3 Kf5 54. Kc4 Kg4 55. Kd4 Kxh4 56. h6
gxh6 57. Ke4 Kg4 58. Ke3 Kg3 59. Ke2 Kg2 60. Ke3 h5 61. Kf4 h4
{White resigns} 0-1

[Event "FICS Team League T30"]
[Site "FICS, San Jose, California USA"]
[Date "2006.05.06"]
[Time "00:00:13"]
[Round "4"]
[White "Eshin"]
[Black "wekabird"]
[WhiteElo "1580"]
[BlackElo "1394"]
[TimeControl "2700+45"]
[Mode "ICS"]
[Result "1-0"]

1. e4 c6 2. d4 d5 3. e5 Bf5 4. Bd3 Bxd3 5. Qxd3 e6 6. Nf3 Ne7 7. O-O h6
8. Be3 Nf5 9. Nbd2 Be7 10. c4 O-O 11. Rac1 dxc4 12. Rxc4 Nd7 13. a3 Rc8
14. b4 b5 15. Rc3 Nb6 16. Rfc1 Nxe3 17. fxe3 Qd7 18. Ne4 Nd5 19. Nc5 Bxc5
20. Rxc5 a6 21. g3 Nb6 22. Nd2 Na4 23. R5c2 Nb6 24. Ne4 Nd5 25. Nc5 Qc7
26. Nxa6 Qb6 27. Nc5 Rfe8 28. e4 Ne7 29. Rf1 Red8 30. Qf3 Rf8 31. Rd2 Ng6
32. Nd7 Qc7 33. Nxf8 Rxf8 34. Rc1 Rd8 35. Qc3 Ne7 36. Ra1 Nc8 37. d5 Qb6+
38. Kg2 cxd5 39. exd5 Rxd5 40. Rxd5 Qb7 41. Kf1 exd5 42. Rc1 Ne7 43. Qc7
Qxc7 44. Rxc7 Nf5 45. Rc5 g5 46. Rxb5 d4 47. g4 Ne3+ 48. Ke2 Nxg4 49. h3
Ne3 50. a4 Nf5 51. a5 Ne7 52. a6 Nc6 53. Rb6 Na7 54. Rxh6 Kg7 55. e6 fxe6
56. Rxe6 Kf7 57. Rd6 Ke7 58. Rxd4 Kf6 59. Rd7 Nc8 60. Rc7 Ne7 61. Rxe7
{Black resigns} 1-0

[Event "FICS Team League T30"]
[Site "FICS, San Jose, California USA"]
[Date "2006.05.05"]
[Time "14:01:46"]
[Round "4"]
[White "TryAnything"]
[Black "Aul"]
[WhiteElo "1686"]
[BlackElo "1635"]
[TimeControl "2700+45"]
[Mode "ICS"]
[Result "1-0"]

1. e4 g6 2. d4 c6 3. Nf3 d6 4. c4 Bg7 5. Be2 h6 6. Nc3 e6 7. O-O Ne7 8. e5
d5 9. Be3 Nd7 10. cxd5 Nxd5 11. Nxd5 cxd5 12. Rc1 a6 13. Qd2 Nb6 14. h3
Bd7 15. Nh2 h5 16. Bg5 f6 17. exf6 Bxf6 18. Nf3 Rc8 19. Bxf6 Qxf6 20. Ne5
Bc6 21. Bd3 Rg8 22. Qh6 Ke7 23. f4 Nd7 24. Qg5 Qxg5 25. fxg5 Nxe5 26. dxe5
Rcf8 27. Rxf8 Kxf8 28. Rf1+ Ke7 29. Rf6 Be8 30. h4 Bf7 31. Kf2 b5 32. Ke3
Kd7 33. Rxf7+ Kc6 34. Rf6 d4+ 35. Kxd4 Rd8+ 36. Ke3 Kd5 37. Rxg6 Kxe5 38. Rh6
Rd4 39. Rxh5 Rg4 40. g6+ Kf6 41. Kf3 Rd4 42. Ke3 Rg4 43. Rg5 Rxh4 44. g7
Kxg5 45. g8=Q+
{Black resigns} 1-0

[Event "FICS Team League T30"]
[Site "FICS, San Jose, California USA"]
[Date "2006.05.07"]
[Time "14:15:50"]
[Round "4"]
[White "alfreale"]
[Black "Woodchuck"]
[WhiteElo "1455"]
[BlackElo "1628"]
[TimeControl "2700+45"]
[Mode "ICS"]
[Result "0-1"]

1. e4 c5 2. Nf3 d6 3. d4 cxd4 4. Nxd4 Nf6 5. Nc3 a6 6. Be3 Nbd7 7. f4 e6
8. Bc4 b5 9. Bb3 Nc5 10. Qf3 Nxb3 11. cxb3 Bb7 12. O-O b4 13. Na4 Bxe4 14. Qe2
Be7 15. Rac1 O-O 16. Nc6 Bxc6 17. Rxc6 Nd5 18. Bd2 a5 19. a3 Rc8 20. Rfc1
Rxc6 21. Rxc6 Qa8 22. Qb5 Rb8 23. Qc4 f6 24. f5 Qa7+ 25. Kh1 Qf2 26. Qc1
Qxf5 27. h3 Qf2 28. axb4 Nxb4 29. Rc8+ Rxc8 30. Qxc8+ Kf7 31. Bxb4 axb4
32. Qb7 d5 33. Nb6 Qc5 34. Nc8 f5 35. Qa6 Kf6 36. Nb6 Qc1+
{White resigns} 0-1

[Event "FICS Team League T30"]
[Site "FICS, San Jose, California USA"]
[Date "2006.05.07"]
[Time "14:58:24"]
[Round "4"]
[White "GBate"]
[Black "Niettajean"]
[WhiteElo "1566"]
[BlackElo "1507"]
[TimeControl "2700+45"]
[Mode "ICS"]
[Result "1-0"]

1. d4 d5 2. c4 c6 3. Nc3 Nf6 4. Bg5 Be6 5. Bxf6 exf6 6. cxd5 cxd5 7. e3
Be7 8. Bd3 Nd7 9. Nf3 Bg4 10. O-O Bxf3 11. Qxf3 Nf8 12. Qxd5 Qxd5 13. Nxd5
Bd6 14. Rac1 Ne6 15. Rc2 O-O 16. Rfc1 Rfd8 17. Nc3 g6 18. Ne4 Kg7 19. Nxd6
Rxd6 20. Be4 Rb6 21. b3 Re8 22. g3 Ng5 23. Bg2 Ne4 24. Bxe4 Rxe4 25. Rc7
Ree6 26. Rd7 Ra6 27. Rxb7 Rxa2 28. Rcc7 g5 29. Rxf7+ Kg6 30. Rxh7 a5 31. g4
f5 32. Rbg7+ Kf6 33. Rf7+ Kg6 34. gxf5#
{Black checkmated} 1-0

[Event "FICS Team League T30"]
[Site "FICS, San Jose, California USA"]
[Date "2006.05.07"]
[Time "09:18:14"]
[Round "4"]
[White "backrankmate"]
[Black "chessviktor"]
[WhiteElo "1505"]
[BlackElo "1520"]
[TimeControl "2700+45"]
[Mode "ICS"]
[Result "0-1"]

1. e4 c5 2. Nf3 d6 3. d4 cxd4 4. Nxd4 Nf6 5. Nc3 a6 6. Be3 g6 7. Bd3 Bg7
8. Qc1 Qc7 9. O-O Nc6 10. Nb3 O-O 11. Bh6 Ng4 12. Bxg7 d5 13. g3 Kxg7 14. Nxd5
Qd6 15. Qf4 Qxf4 16. Nxf4 e6 17. Rfe1 Nge5 18. Kg2 Nxd3 19. Nxd3 b6 20. f4
Bb7 21. Kf2 Rac8 22. Rac1 Rfd8 23. e5 Ne7 24. g4 Nd5 25. a3 a5 26. Nd2 Ba6
27. Ne4 Bxd3 28. cxd3 Nxf4
{White resigns} 0-1

[Event "FICS Team League T30"]
[Site "FICS, San Jose, California USA"]
[Date "2006.05.04"]
[Time "12:00:38"]
[Round "4"]
[White "twinders"]
[Black "MStav"]
[WhiteElo "1720"]
[BlackElo "1747"]
[TimeControl "2700+45"]
[Mode "ICS"]
[Result "1/2-1/2"]

1. d4 d5 2. c4 dxc4 3. Nc3 Nf6 4. e4 Bg4 5. Qa4+ Qd7 6. Qxd7+ Nfxd7 7. Bxc4
e6 8. Nge2 Bb4 9. O-O O-O 10. Be3 Nb6 11. Bd3 Nc6 12. f3 Bh5 13. Nb5 Rac8
14. Bf4 Na8 15. Rac1 a6 16. Nbc3 Rfd8 17. Be3 Bg6 18. d5 exd5 19. Nxd5 Bf8
20. Bb1 Ne7 21. Nxe7+ Bxe7 22. Nf4 Rd7 23. Nxg6 hxg6 24. a3 Rcd8 25. Bf4
{Game drawn by mutual agreement} 1/2-1/2

[Event "FICS Team League T30"]
[Site "FICS, San Jose, California USA"]
[Date "2006.05.04"]
[Time "09:02:16"]
[Round "4"]
[White "bsdc"]
[Black "Cilia"]
[WhiteElo "1647"]
[BlackElo "1654"]
[TimeControl "2700+45"]
[Mode "ICS"]
[Result "0-1"]

1. d4 Nf6 2. c4 e6 3. Nc3 Bb4 4. Qc2 b6 5. a3 Bxc3+ 6. Qxc3 Bb7 7. Nf3 O-O
8. g3 c5 9. Bg2 Ne4 10. Qd3 cxd4 11. Nxd4 Nc5 12. Bxb7 Nxd3+ 13. exd3 Qf6
14. Be3 Nc6 15. Nxc6 dxc6 16. Bxa8 Qxb2 17. O-O Rxa8 18. Rfd1 c5 19. a4
Rd8 20. Rab1 Qc2 21. Ra1 Rxd3 22. Rxd3 Qxd3 23. a5 Qd8 24. axb6 axb6 25. Rb1
f6 26. h4 Kf7 27. Rc1 g6 28. Kf1 e5 29. Ke2 e4 30. Rd1 Qc8 31. Ra1 Qg4+
32. Kd2 Qd7+ 33. Ke1 Kg7 34. Rd1 Qe6 35. Rb1 h6 36. Rc1 g5 37. hxg5 hxg5
38. Rb1 Qxc4 39. Rxb6 Qc3+ 40. Kf1 c4 41. Rb7+ Kg6 42. Rc7 Qd3+ 43. Kg2
c3 44. Rc6 c2 45. Rc5 Qd1 46. Rc6 Kf5 47. Rc5+ Kg4 48. Kh2 f5 49. Rc8 f4
50. gxf4 gxf4 51. Rg8+ Kf3 52. Rf8 Ke2 53. Rxf4 Qd6 54. Kh3 Qxf4 55. Bxf4
Kxf2
{White resigns} 0-1

[Event "FICS Team League T30"]
[Site "FICS, San Jose, California USA"]
[Date "2006.05.07"]
[Time "06:29:01"]
[Round "4"]
[White "Vinoblanca"]
[Black "jgrfilho"]
[WhiteElo "1460"]
[BlackElo "1522"]
[TimeControl "2700+45"]
[Mode "ICS"]
[Result "1-0"]

1. d4 d5 2. c4 c6 3. Nc3 Nf6 4. Nf3 Bf5 5. Bg5 Nbd7 6. e3 h6 7. Bh4 Qb6 8. Qd2 e6 9. c5 Qb4 10. a3 Qb3 11. Be2 b6 12. Bd1 Qc4 13. Bxf6 Nxf6 14. Ne5 Qa6 15. Be2 Qb7 16. b4 a5 17. O-O Be7 18. Nxc6 Qxc6 19. Bb5 Qxb5 20. Nxb5 Ne4 21. Qb2 O-O 22. Nc3 bxc5 23. Nxe4 Bxe4 24. bxc5 Rab8 25. Qd2 a4 26. Ra2 Rb3 27. Rb2 Rfb8 28. Rxb3 Rxb3 29. Ra1 e5 30. Qc1 exd4 31. c6 Rc3 32. c7 Rxc1+ 33. Rxc1 Bf5 34. c8=Q+ Bxc8 35. Rxc8+ Kh7 36. exd4 Bxa3 37. Ra8 Bb2 38. Rxa4 Kg6 39. f3 Kf5 40. Kf2 Kf4 41. Ke2 f5 42. g3+ Kg5 43. Kd3 Bc1 44. Ra5 Kf6 45. Rxd5 Ke6 46. Rb5 Kd6 47. Rxf5 Ke6 48. Ke4 g6 49. Rb5 g5 50. Rb6+ Kf7 51. Rc6 Bd2 52. Kd3 Be1 53. Rxh6 Kg7 54. Ra6 Kf7 55. g4 Bf2 56. d5 Ke7 57. Ke4 Bc5 58. Kf5 Bd6 59. Ra7+ Kd8 60. h3 Kc8 61. Ke6 Bb8 62. Rh7 {Black resigns} 1-0

[Event "FICS Team League T30"]
[Site "FICS, San Jose, California USA"]
[Date "2006.05.06"]
[Time "19:04:17"]
[Round "4"]
[White "SCUGrad"]
[Black "EyeAm"]
[WhiteElo "1360"]
[BlackElo "1433"]
[TimeControl "2700+45"]
[Mode "ICS"]
[Result "1-0"]

1. e4 e5 2. Nf3 Nf6 3. Nc3 Nc6 4. d4 Bb4 5. dxe5 Nxe4 6. Bd2 Nxd2 7. Qxd2
O-O 8. a3 Bxc3 9. Qxc3 Qe7 10. Bb5 Nxe5 11. Qxe5 Qxe5+ 12. Nxe5 Re8 13. f4
c6 14. Be2 d6 15. Nf3 Bf5 16. c3 Bd3 17. Ng1 Re4 18. Kf2 Rae8 19. Bxd3
{Black resigns} 1-0

[Event "FICS Team League T30"]
[Site "FICS, San Jose, California USA"]
[Date "2006.05.08"]
[Time "01:33:09"]
[Round "4"]
[White "zagothal"]
[Black "RHankinsJr"]
[WhiteElo "1262"]
[BlackElo "1291"]
[TimeControl "2700+45"]
[Mode "ICS"]
[Result "0-1"]

1. e4 e5 2. Nf3 Nc6 3. Bc4 Nf6 4. Nc3 Bc5 5. d3 d6 6. Nd5 Nxd5 7. exd5 Nd4
8. Bg5 Nxf3+ 9. gxf3 Qxg5 10. Qe2 Bf5 11. f4 Qxf4 12. Rg1 O-O 13. Rg3 e4
14. dxe4 Bxe4 15. Bd3 Rfe8 16. Qd2 Bf3+ 17. Qe2 Bxe2 18. Bxe2 Qxf2+ 19. Kd1
Qxe2+
{White resigns} 0-1

[Event "FICS Team League T30"]
[Site "FICS, San Jose, California USA"]
[Date "2006.05.08"]
[Time "16:47:02"]
[Round "4"]
[White "BlkSabb"]
[Black "TGV"]
[WhiteElo "1670"]
[BlackElo "1780"]
[TimeControl "2700+45"]
[Mode "ICS"]
[Result "1-0"]

1. Nf3 Nf6 2. c4 e6 3. g3 d5 4. Bg2 Be7 5. b3 c5 6. Bb2 d4 7. e3 dxe3 8. dxe3
Qxd1+ 9. Kxd1 Ne4 10. Ke2 Bf6 11. Ne5 Nd6 12. Rd1 Ke7 13. Rxd6 Kxd6 14. Nxf7+
Ke7 15. Bxf6+ Kxf7 16. Bb2 Rd8 17. Nd2 Nd7 18. Ne4 Rb8 19. Ng5+ Ke7 20. Nxh7
Rh8 21. Ng5 Rxh2 22. Bh3 Nf6 23. Be5 Ra8 24. Kf3 Nd7 25. Bxg7 Nf6 26. g4
Bd7 27. Kg3 Rxh3+ 28. Kxh3 Bc6 29. Bxf6+ Kxf6 30. f4 Rd8 31. e4 Rd3+ 32. Kh4
Rd2 33. e5+ Ke7 34. Kh5 Rh2+ 35. Kg6 Be8+ 36. Kg7 Rg2 37. Rh1 Rxg4 38. Rh6
Bd7 39. Rf6 Rg2 40. Rf7+ Kd8 41. Rf8+ Ke7 42. Rf7+ Kd8 43. Kf6 Rxa2 44. Nxe6+
Bxe6 45. Kxe6 b6 46. Rd7+ Kc8 47. f5 a6 48. f6 b5 49. f7 Rf2 50. cxb5 axb5
51. Re7
{Black resigns} 1-0

[Event "FICS Team League T30"]
[Site "FICS, San Jose, California USA"]
[Date "2006.05.08"]
[Time "19:01:25"]
[Round "4"]
[White "OroAzul"]
[Black "KlassAct"]
[WhiteElo "1384"]
[BlackElo "1445"]
[TimeControl "2700+45"]
[Mode "ICS"]
[Result "1-0"]

1. d4 Nf6 2. c4 g6 3. Nc3 Bg7 4. Nf3 d6 5. Bg5 O-O 6. e4 Nbd7 7. Bd3 Re8 8. d5 e5 9. dxe6 Rxe6 10. O-O Nc5 11. Bc2 Qe8 12. Nb5 Qd7 13. Re1 a6 14. Nbd4 Re8 15. e5 Ng4 16. exd6 Rxe1+ 17. Qxe1 Qxd6 18. Rd1 Be6 19. b3 Qf8 20. h3 Nf6 21. b4 Bxc4 22. bxc5 Qxc5 23. Nb3 Qc6 24. Ne5 Qb5 25. Nd4 Qc5 26. Bxf6 Bxf6 27. Nd7 Qg5 28. Nf3 Qf4 29. Nxf6+ Qxf6 30. Be4 c6 31. Qb4 b5 32. Bxc6 Bxa2 33. Bxa8 {Black resigns} 1-0

[Event "FICS Team League T30"]
[Site "FICS, San Jose, California USA"]
[Date "2006.05.09"]
[Time "11:56:03"]
[Round "4"]
[White "fledermaus"]
[Black "tomito"]
[WhiteElo "1993"]
[BlackElo "1996"]
[TimeControl "2700+45"]
[Mode "ICS"]
[Result "0-1"]

1. d4 d5 2. c4 c6 3. Nf3 Nf6 4. Nc3 dxc4 5. e4 b5 6. e5 Nd5 7. a4 e6 8. axb5
Nxc3 9. bxc3 cxb5 10. Ng5 Bb7 11. Qh5 g6 12. Qg4 Be7 13. Be2 Nc6 14. h4
h5 15. Qf3 O-O 16. Qg3 Qd7 17. Be3 b4 18. Bxh5 bxc3 19. Nf3 Bb4 20. O-O
Ne7 21. Qg5 Nf5 22. Bxg6 fxg6 23. Qxg6+ Qg7 24. Qxe6+ Qf7 25. Ng5 Qxe6 26. Nxe6
Nxe3 27. fxe3 Rxf1+ 28. Rxf1 c2 29. Rc1 Be4 30. d5 Bd2 31. Rxc2 Bxc2 32. d6
Bf5 33. Nc7 Rc8 34. Nd5 Kf7
{White resigns} 0-1

[Event "FICS Team League T30"]
[Site "FICS, San Jose, California USA"]
[Date "2006.05.09"]
[Time "11:03:34"]
[Round "4"]
[White "Superselector"]
[Black "gracey"]
[WhiteElo "2026"]
[BlackElo "2076"]
[TimeControl "2700+45"]
[Mode "ICS"]
[Result "1-0"]

1. e4 e5 2. Nf3 Nc6 3. Bb5 a6 4. Ba4 Nf6 5. O-O Nxe4 6. d4 b5 7. Bb3 d5
8. dxe5 Be6 9. Nbd2 Nc5 10. c3 Be7 11. Bc2 Bg4 12. h3 Bh5 13. Re1 d4 14. cxd4
Nxd4 15. g4 Nxc2 16. Qxc2 Bg6 17. Qc3 O-O 18. Nb3 Qd3 19. Nxc5 Qxc3 20. bxc3
Bxc5 21. a4 Rad8 22. Be3 Bxe3 23. Rxe3 c5 24. axb5 axb5 25. Ra7 Ra8 26. Rc7
Rfc8 27. Rd7 Rd8 28. Rc7 Rac8 29. Ra7 Rd1+ 30. Kg2 h5 31. e6 fxe6 32. Rxe6
Be8 33. Ree7 hxg4 34. Rxg7+ Kh8 35. hxg4 Rcd8 36. Ng5 Bc6+ 37. f3 Bd7 38. Re7
Rd2+ 39. Kg3 Kg8 40. Ne4
{Black resigns} 1-0

[Event "FICS Team League T30"]
[Site "FICS, San Jose, California USA"]
[Date "2006.05.09"]
[Time "08:13:05"]
[Round "4"]
[White "clarinetref"]
[Black "ahorse"]
[WhiteElo "1640"]
[BlackElo "1548"]
[TimeControl "2700+45"]
[Mode "ICS"]
[Result "0-1"]

1. Nf3 Nf6 2. g3 g6 3. Bg2 Bg7 4. c4 O-O 5. O-O d6 6. d3 e5 7. Nc3 Nbd7
8. Rb1 a6 9. b4 Rb8 10. a4 c5 11. b5 axb5 12. Nxb5 d5 13. cxd5 Nxd5 14. Qb3
Nb4 15. Ng5 Nf6 16. Be3 b6 17. f4 h6 18. Nf3 Be6 19. Qb2 exf4 20. Bxf4 Ra8
21. Nd2 Rxa4 22. Be5 Ra2 23. Qc3 Nfd5 24. Bxd5 Nxd5 25. Qc1 Bxe5 26. Nf3
Bg7 27. Re1 Ra8 28. e4 Nb4 29. Rd1 Bg4 30. Kg2 Qf6 31. Qe3 Ra2+ 32. Rd2
Bxf3+ 33. Kg1 Rxd2 34. Qxd2 Qc6 35. Nc3 Rd8
{White resigns} 0-1

[Event "FICS Team League T30"]
[Site "FICS, San Jose, California USA"]
[Date "2006.05.09"]
[Time "16:08:28"]
[Round "4"]
[White "alfreale"]
[Black "KlassAct"]
[WhiteElo "1443"]
[BlackElo "1423"]
[TimeControl "2700+45"]
[Mode "ICS"]
[Result "0-1"]

1. e4 e5 2. Nf3 Nc6 3. Bc4 Bc5 4. d3 Nf6 5. Bg5 h6 6. Bxf6 Qxf6 7. Nbd2 d6 8. Qe2 Na5 9. O-O-O c6 10. c3 b5 11. Bb3 Bg4 12. h3 Be6 13. Bxe6 Qxe6 14. Kb1 Nb7 15. d4 Bb6 16. Nb3 a5 17. dxe5 dxe5 18. Rd3 a4 19. Nc1 Nc5 20. Rd2 O-O 21. Rhd1 Bc7 22. Qe3 Na6 23. Nd3 Rfd8 24. Nc5 Nxc5 25. Qxc5 Rxd2 26. Rxd2 f6 27. Nh4 Kh7 28. Nf5 Rd8 29. Rxd8 Bxd8 30. Qf8 Qd7 31. Kc2 Bb6 32. f3 c5 33. Qd6 Qxd6 34. Nxd6 b4 35. cxb4 cxb4 36. Kd3 Kg6 37. Kc4 b3 38. axb3 axb3 39. Kxb3 Bd4 40. Ka3 Kg5 41. b3 Kf4 42. b4 Kg3 43. b5 Kxg2 44. Nc4 Kxf3 45. b6 Bxb6 46. Nxb6 Kxe4 47. Kb3 Kf3 48. Kc2 e4 49. Nd7 e3 50. Kd1 Kf2 51. Nc5 e2+ 52. Kc2 e1=Q 53. Nd3+ Kf1 54. Nxe1 Kxe1 55. Kd3 Kf2 56. Ke4 g6 57. Kf4 Kg2 58. Kg4 Kf2 59. h4 Ke3 60. h5 f5+ 61. Kg3 g5 62. Kg2 Ke2 63. Kg3 f4+ 64. Kg2 f3+ 65. Kg1 f2+ 66. Kh1 f1=Q+ 67. Kh2 Qf4+ 68. Kg2 Qe3 69. Kh2 Kf3 70. Kh3 Kf4+ 71. Kg2 Qg3+ 72. Kf1 Qh2 73. Ke1 Ke3 74. Kd1 Qd2# {White checkmated} 0-1

[Event "FICS Team Leage T30"
[Site "FICS, San Jose, California USA"]
[Date "2006.05.09"]
[Time "20:11:07"]
[Round "4"]
[White "rsanchez"]
[Black "oub"]
[WhiteElo "1439"]
[BlackElo "1346"]
[TimeControl "2700+45"]
[Mode "ICS"]
[Result "1-0"]

1. d4 e5 2. dxe5 Nc6 3. Nf3 Bc5 4. e3 Qe7 5. b3 Nxe5 6. Bb2 Nxf3+ 7. Qxf3
f6 8. Bc4 c6 9. O-O d5 10. Bd3 Nh6 11. Qh5+ Qf7 12. Qd1 Be6 13. Nd2 O-O-O
14. Nf3 a6 15. Qd2 Qc7 16. Rfe1 Ba7 17. Bc3 Kb8 18. Red1 Ka8 19. a4 Bc8
20. Ba5 b6 21. Bc3 Rhe8 22. Qe2 Bb8 23. Bxa6 Ng4 24. g3 Bf5 25. Bd3 Bg6
26. a5 b5 27. a6 Qd6 28. Ra2 b4 29. Bb2 Ne5 30. Nxe5 fxe5 31. Bxg6 hxg6
32. Qg4 Ba7 33. Ra4 c5 34. Qf3 e4 35. Qf7 Re7 36. Qf4 Qc6 37. Qg5 Red7 38. Raa1
d4 39. exd4 c4 40. d5 Qb5 41. Qxg6 cxb3 42. Qxe4 Bxf2+ 43. Kg2 bxc2 44. d6+
Ka7 45. Qxc2 Bc5 46. h4 Qc6+ 47. Kh3 Rh8 48. Rf1 Qc8 49. Qf5 g6 50. Qg4
Rhh7 51. Bd4 Rh5 52. Bxc5+ Rxc5 53. Rf6 Rc4 54. Qe6 b3 55. Qe3+ Ka8 56. Qf3+
Rc6 57. Kh2 b2 58. Rb1 Qxa6 59. Rxb2 Rb7 60. Rf8+ Ka7 61. Rxb7+ Kxb7 62. Rf7+
Kb6 63. d7 Qa8 64. Qe3+ Rc5 65. Qe6+ Kb5 66. Qd6 Rc2+ 67. Kh3 Qh1+ 68. Kg4
Rc5 69. Qb8+ Kc4 70. d8=Q Kc3 71. Qf6+ Kc4 72. Qf1+ Qxf1 73. Rxf1 Rb5 74. Rf4+
Kc5 75. Qxb5+ Kxb5 76. Rf6 Kc4 77. Kg5 Kd3 78. Kxg6 Ke4 79. h5 Ke5 80. h6
Kd4 81. h7 Kd5 82. h8=Q Ke5 83. Qh5+ Kd4 84. Rf4+ Ke3 85. Qh4 Kd2 86. g4
Ke3 87. g5 Kd3 88. Qh3+ Ke2 89. Rf3 Kd2 90. Rg3 Kd1 91. Rg2 Ke1 92. Qh1#
{Black checkmated} 1-0

[Event "FICS Team League T30"]
[Site "FICS, San Jose, California USA"]
[Date "2006.05.14"]
[Time "14:59:01"]
[Round "4"]
[White "maeck"]
[Black "jones"]
[WhiteElo "1912"]
[BlackElo "1840"]
[TimeControl "2700+45"]
[Mode "ICS"]
[Result "1/2-1/2"]

1. Nf3 Nf6 2. g3 d5 3. Bg2 c6 4. c4 dxc4 5. Qc2 Be6 6. Ng5 Bd5 7. e4 h6
8. exd5 hxg5 9. dxc6 Nxc6 10. Bxc6+ bxc6 11. Qxc4 Qd5 12. Qxd5 cxd5 13. d4
Ne4 14. Nd2 Nxd2 15. Bxd2 Rc8 16. Rc1 Rxc1+ 17. Bxc1 g4 18. b4 e5 19. b5
Bb4+ 20. Bd2 Bxd2+ 21. Kxd2 exd4 22. Kd3 Kd7 23. Kxd4 Kd6 24. Rc1 Rxh2 25. Rc6+
Kd7 26. Rc2 Kd6 27. a4 f5 28. a5 Rh1 29. Rc6+ Kd7 30. Kxd5 Rb1 31. Rc5 Rb2
32. Ke5 Rxf2 33. b6 axb6 34. axb6 g6 35. Rc7+ Kd8 36. Rg7 Kc8 37. Rxg6 Kb7
38. Rf6 Rf3 39. Rxf5 Rxg3 40. Kf4 Rf3+ 41. Kxg4 Rxf5 42. Kxf5 Kxb6
{Neither player has mating material} 1/2-1/2

[Event "FICS Team League T30"]
[Site "FICS, San Jose, California USA"]
[Date "2006.05.11"]
[Time "19:09:22"]
[Round "4"]
[White "Nemisis"]
[Black "uiknight"]
[WhiteElo "1937"]
[BlackElo "2012"]
[TimeControl "2700+45"]
[Mode "ICS"]
[Result "1/2-1/2"]

1. e4 c5 2. Nf3 Nc6 3. d4 cxd4 4. Nxd4 Nf6 5. Nc3 e5 6. Ndb5 d6 7. Bg5 a6
8. Na3 b5 9. Nd5 Be7 10. Bxf6 Bxf6 11. Nb1 O-O 12. a3 Bg5 13. h4 Bh6 14. g4
Bf4 15. Nxf4 exf4 16. Nc3 Ne5 17. f3 Bb7 18. Be2 Qb6 19. Qd2 Rfe8 20. Qxf4
d5 21. O-O-O b4 22. axb4 Qxb4 23. Nxd5 Bxd5 24. Rxd5 Rab8 25. b3 Qc3 26. Kd1
Rbd8 27. Qd2 Rxd5 28. exd5 Qa1+ 29. Qc1 Qd4+ 30. Qd2 Qa1+ 31. Qc1 Qc3 32. Qd2
Qa1+ 33. Qc1 Qd4+ 34. Qd2 Qa1+ 35. Qc1 Qc3
{Game drawn by repetition} 1/2-1/2

[Event "FICS Team League T30"]
[Site "FICS, San Jose, California USA"]
[Date "2006.05.11"]
[Time "21:40:42"]
[Round "4"]
[White "fidelian"]
[Black "ccaseiro"]
[WhiteElo "1463"]
[BlackElo "1548"]
[TimeControl "2700+45"]
[Mode "ICS"]
[Result "0-1"]

1. e4 d6 2. d4 Nf6 3. Nc3 g6 4. Nf3 Bg7 5. Be2 O-O 6. O-O c6 7. Ng5 b5 8. b4
a5 9. Ba3 axb4 10. Bxb4 Na6 11. Rb1 h6 12. Nf3 Be6 13. d5 cxd5 14. exd5
Bd7 15. Nxb5 Nxb4 16. Rxb4 Qa5 17. Rb3 Bxb5 18. Bxb5 Qxa2 19. Re1 Ra7 20. Bc6
Ng4 21. h3 Ne5 22. Nxe5 Bxe5 23. Qb1 Qa1 24. g3 Qxb1 25. Rexb1 Ra2 26. c4
Bd4 27. Rf1 Rc8 28. Kg2 Rc7 29. Rb7 Rxb7 30. Bxb7 f6 31. Bc8 Kg7 32. g4
Rc2 33. Ba6 Kf7 34. Kg3 Rc3+ 35. f3 Be5+ 36. Kg2 Rc2+ 37. Rf2 Rc3 38. Re2
g5 39. Kf2 e6 40. dxe6+ Kxe6 41. h4 f5 42. hxg5 hxg5 43. Bc8+ Kf6 44. gxf5
Rxc4 45. Be6 Rh4 46. Kg2 Rh8 47. Kf1 Rd8 48. Rd2 Bf4 49. Rd3 Rh8 50. Kg2
Rh2+ 51. Kg1 Rh3 52. Kg2 g4 53. Rb3 Rh2+ 54. Kg1 g3 55. Rd3 Rh8 56. Kg2
Be5 57. Re3 Bf4 58. Re4 Rh2+ 59. Kg1 Rh4 60. Kg2 Kg5 61. Bc8 Rh2+ 62. Kg1
d5 63. Re7 d4 64. Rg7+ Kf6 65. Rg6+ Ke5 66. Re6+ Kd5 67. f6 Be3+ 68. Kf1
g2+
{White resigns} 0-1

[Event "FICS Team League T30"]
[Site "FICS, San Jose, California USA"]
[Date "2006.05.12"]
[Time "09:03:50"]
[Round "4"]
[White "Dreadtower"]
[Black "dianabutterfly"]
[WhiteElo "1434"]
[BlackElo "1451"]
[TimeControl "2700+45"]
[Mode "ICS"]
[Result "0-1"]

1. e4 e5 2. Nf3 Nf6 3. Nxe5 Qe7 4. d4 Nxe4 5. Bd3 Qb4+ 6. c3 Nxf2 7. cxb4
Nxd1 8. Kxd1 Bxb4 9. Nc3 Nc6 10. Nxf7 Kxf7 11. Bc4+ Ke8 12. Re1+ Kd8 13. Bg5+
Be7 14. Nd5 Bxg5 15. Kc2 Nxd4+ 16. Kc3 Ne6 17. Rad1 c6 18. Nb4 Bf6+ 19. Kc2
Nd4+ 20. Kb1 d5 21. Bd3 Bg4 22. Rd2 Kc7 23. Nc2 Rae8 24. Be2 Bxe2 25. Rxd4
Bxd4 26. Nxd4 Bd3+ 27. Nc2 Rxe1#
{White checkmated} 0-1